Cogmind - Beta 16.1 @@@ ROGUE MODE // 2026.04.11 @ 21:34:43 Player: P9H Result: Destroyed by as-65951 with Assembled Rifle Performance ------------- Evolutions (0) 0 Regions Visited (4) 800 Robots Destroyed (12) 60 Value Destroyed (389) 389 Prototype IDs (0) 0 Alien Tech Used (0) 0 Bonus (21) 21 TOTAL SCORE: 1270 Bonus ------- Follower Combat Kills 21 Cogmind --------- Core Integrity 0/250 Matter 288/300 Energy 250/250 System Corruption 1% Temperature Cool (0) Movement Walking (190) Ox1 Location -9/Mines Parts ------- > --- POWER (1) -------- Ion Engine > --- PROPULSION (2) --- Improved Aluminum Leg Improved Aluminum Leg > --- UTILITY (2) ------ Large Storage Unit > --- WEAPON (2) ------- Light Assault Rifle Light Assault Rifle > --- INVENTORY (15) --- Light Ion Engine Flight Unit Flight Unit Flight Unit Flight Unit Flight Unit Heat Sink Light Humpback Targeting Computer Light Armor Plating Medium Laser Assault Rifle Heavy Assault Rifle Hammer Peak State ------------ > --- POWER ------------ Improved Ion Engine > --- PROPULSION ------- Improved Aluminum Leg Improved Aluminum Leg > --- UTILITY ---------- Heat Sink Large Storage Unit > --- WEAPON ----------- Light Assault Rifle Heavy Assault Rifle > --- INVENTORY -------- Ion Engine Light Treads Light Treads Aluminum Leg Flight Unit Flight Unit Flight Unit Heat Sink EM Pulse Gun Medium Laser Assault Rifle Hammer [Rating: 12] Favorites ----------- Power Ion Engine Engine Ion Engine Propulsion Improved Aluminum Leg Leg Improved Aluminum Leg Wheel Compact Wheel Utility Large Storage Unit Device Heat Sink Storage Large Storage Unit Weapon Light Assault Rifle Energy Gun EM Pulse Gun Energy Cannon Beam Cannon Ballistic Gun Light Assault Rifle Build | -11 -10 -10 -10 -9 ------- Run | Yrd Mat Min Exi Min Slots Evolved . | . . . . . Power . | . . . . . Propulsion . | . . . . . Utility . | . . . . . Weapon . | . . . . . Parts Attached 20 | 4 5 11 . . Power 3 | 1 . 2 . . Engine 3 | 1 . 2 . . Core . | . . . . . Reactor . | . . . . . Propulsion 4 | 2 . 2 . . Treads . | . . . . . Leg 2 | . . 2 . . Wheel 2 | 2 . . . . Hover . | . . . . . Flight . | . . . . . Utility 5 | 1 2 2 . . Device 3 | . 1 2 . . Storage 2 | 1 1 . . . Processor . | . . . . . Hackware . | . . . . . Protection . | . . . . . Artifact . | . . . . . Weapon 8 | . 3 5 . . Energy Gun 3 | . 1 2 . . Energy Cannon 1 | . 1 . . . Ballistic Gun 4 | . 1 3 . . Ballistic Cannon . | . . . . . Launcher . | . . . . . Special Weapon . | . . . . . Impact Weapon . | . . . . . Slashing Weapon . | . . . . . Piercing Weapon . | . . . . . Special Melee Weapon . | . . . . . Unidentified Prototypes . | . . . . . Parts Lost 6 | . 2 3 . 1 Power 1 | . . 1 . . Propulsion 1 | . 1 . . . Utility 3 | . . 2 . 1 Weapon 1 | . 1 . . . Highest Loss Streak 2 | . 2 2 . 1 To Critical Strikes . | . . . . . Average Backups 13 | 5 10 14 14 14 Power . | . 1 . 1 1 Propulsion 6 | 2 5 6 5 5 Utility 2 | . . 2 3 4 Weapon 4 | 1 4 4 4 4 Tool/Special . | . . . . . Unused Backups 21 | . 2 4 2 13 Power 1 | . . . . 1 Propulsion 12 | . 2 4 1 5 Utility 4 | . . . . 4 Weapon 4 | . . . 1 3 Tool/Special . | . . . . . Average Slot Usage (%) 96 | . 90 96 100 97 Engine 13 | . 14 13 14 14 Leg 19 | . . 22 28 28 Wheel 6 | . 24 3 . . Device 13 | . 12 13 14 11 Storage 14 | . 14 14 14 14 Energy Gun 4 | . 8 5 . . Energy Cannon 3 | . 12 3 . . Ballistic Gun 18 | . 2 19 28 28 Peak Build Rating 12 | 4 9 12 10 10 Average Rating 9 | 2 8 9 10 9 On Entrance 6 | . 4 7 10 10 Avg Prop Armor Cover (%) . | . . . . . Naked Turns . | . . . . . Heaviest Build 32 | 8 30 32 28 28 Greatest Support 26 | 26 26 26 26 26 Greatest Overweight (x) 1 | . 1 1 1 1 Average Overweight (x) . | . . . 1 1 Largest Inventory Capacity 15 | 8 15 15 15 15 Average Capacity 14 | 6 12 15 15 15 Most Carried 15 | 8 15 15 15 15 Average Carried 13 | 5 10 14 14 15 Final Capacity 15 | 8 15 15 15 15 Final Carried 15 | 8 15 15 15 15 Class Distribution -------------------- 85% | Mutant 14% | Scavenger-Mutant Dominant Class ---------------- Mutant | -10/Materials Mutant | -10/Mines Mutant | -10/Exiles Mutant | -9/Mines Resources | -11 -10 -10 -10 -9 ----------- Run | Yrd Mat Min Exi Min Matter Collected 423 | 212 78 125 . 8 Remotely 78 | . 78 . . . Salvage Created 492 | . 263 208 . 21 Parts 28 | . 19 9 . . Haulers Intercepted . | . . . . . Recyclers Shooed 1 | . 1 . . . Parts Field Recycled . | . . . . . Retrieved Matter . | . . . . . Parts Self-Destructed . | . . . . . Prevented . | . . . . . Parts Restored . | . . . . . Kills | -11 -10 -10 -10 -9 ------- Run | Yrd Mat Min Exi Min Combat Hostiles Destroyed 13 | . 7 4 . 2 Guns 6 | . 2 2 . 2 Cannons 6 | . 5 1 . . Classes Destroyed 5 | . 3 1 . 1 Watcher 1 | . 1 . . . Swarmer 3 | . 3 . . . Grunt 6 | . 4 2 . . Sentry 2 | . . 2 . . Assembled 2 | . . . . 2 Best Kill Streak 3 | . 3 2 . 2 Combat Bots Only 3 | . 3 2 . 2 Max Kills in Single Turn 1 | . 1 1 . 1 Gunslinging . | . . . . . Exploded . | . . . . . Melee . | . . . . . Uniques/NPCs Destroyed . | . . . . . Combat | -11 -10 -10 -10 -9 -------- Run | Yrd Mat Min Exi Min Hostile Shots Fired 95 | . 31 45 . 19 Missed 24 | . 8 11 . 5 Hits 71 | . 23 34 . 14 Melee 1 | . . . . 1 Projectile 70 | . 23 34 . 13 Critical Strikes 1 | . . 1 . . Damage Taken 931 | . 255 487 . 189 Core 253 | . 41 164 . 48 Absorbed by Shields . | . . . . . Core Remaining (%) 100 | 100 . . . . Volleys Fired 47 | . 20 17 . 10 Largest 2 | . 2 2 . 2 Hottest 105 | . 105 80 . 40 Shots Fired 92 | . 38 34 . 20 Gun 66 | . 18 28 . 20 Cannon 26 | . 20 6 . . Launcher . | . . . . . Special . | . . . . . Kinetic 40 | . . 20 . 20 Thermal 26 | . 20 6 . . Explosive . | . . . . . Electromagnetic 26 | . 18 8 . . Robot Hit Streak 9 | . 8 9 . 6 Robot Miss Streak 2 | . 2 2 . 2 Penetration Max . | . . . . . Secondary Targets 3 | . . 1 . 2 Max Gunslinging Chain 1 | . . 1 . 1 Shots Hit Robots 61 | . 24 24 . 13 Core Hits 24 | . 10 8 . 6 Critical Kills 1 | . . 1 . . Critical Parts Destroyed . | . . . . . Critical Strikes 1 | . . 1 . . Meltdown 1 | . . 1 . . Melee Attacks . | . . . . . Impact . | . . . . . Slashing . | . . . . . Piercing . | . . . . . Sneak Attacks . | . . . . . Combat Hostiles . | . . . . . Follow-up Attacks . | . . . . . Damage Inflicted 890 | . 506 276 . 108 Guns 506 | . 192 206 . 108 Cannons 337 | . 267 70 . . Explosions 47 | . 47 . . . Melee . | . . . . . Ramming . | . . . . . Kinetic 240 | . . 132 . 108 Thermal 384 | . 314 70 . . Explosive . | . . . . . Electromagnetic 266 | . 192 74 . . Impact . | . . . . . Slashing . | . . . . . Piercing . | . . . . . Highest Corruption 1 | . . . . 1 Average Corruption 1 | . . . . 1 Corruption Purged . | . . . . . Corruption Blocked . | . . . . . Overload Shots . | . . . . . Overflow Damage 35 | . 35 . . . Projectiles . | . . . . . Explosions 35 | . 35 . . . Melee . | . . . . . Knockbacks . | . . . . . Impact . | . . . . . Kinetic . | . . . . . Secondary . | . . . . . Self-Inflicted Damage . | . . . . . Shots . | . . . . . Rammed . | . . . . . Targets Rammed . | . . . . . Kicked . | . . . . . Crushed . | . . . . . Highest Temperature 252 | . 252 223 . . Average Temperature 97 | . 105 80 . . Received Heat Transfer 348 | . 102 246 . . Siege Activations . | . . . . . Martial Activations . | . . . . . Shielding Activations . | . . . . . Robots Disrupted . | . . . . . Combat Hostiles . | . . . . . Robots Corrupted . | . . . . . Combat Hostiles . | . . . . . Parts Fried 1 | . 1 . . . Impact Corruptions . | . . . . . Robots Melted 1 | . . 1 . . Combat Hostiles 1 | . . 1 . . Parts Melted 1 | . . 1 . . Heat Transferred 753 | . 605 148 . . Parts Sabotaged . | . . . . . Parts Stolen . | . . . . . Parts Stripped . | . . . . . Power Chain Reactions 1 | . 1 . . . Alert | -11 -10 -10 -10 -9 ------- Run | Yrd Mat Min Exi Min Maximum Alert Level . | . . . . . Low Security (%) 100 | 100 100 100 . 100 Level 1 . | . . . . . Level 2 . | . . . . . Level 3 . | . . . . . Level 4 . | . . . . . Level 5 . | . . . . . High Security . | . . . . . Max Security . | . . . . . Peak Influence 81 | . 75 81 . . Initial 17 | . . 17 . . Average 16 | . 31 13 . . Influence Increases 366 | . 195 171 . . Destroy 0b10 Robot/C 280 | . 140 140 . . Destroy 0b10 Robot/NC 5 | . 5 . . . Destroy Leader 52 | . 32 20 . . Allied During Kill 11 | . . 11 . . Disable Machine 15 | . 15 . . . Destroy Structure 3 | . 3 . . . Influence Decreases 366 | . 150 177 39 . Entered New Map 67 | . . 28 39 . Time Decay 279 | . 130 149 . . Lost Part 20 | . 20 . . . Squads Dispatched 1 | . 1 . . . Investigation 1 | . 1 . . . Extermination . | . . . . . Reinforcement . | . . . . . Assault . | . . . . . Garrison . | . . . . . Intercept . | . . . . . Searches Triggered . | . . . . . Construction Impeded . | . . . . . Haulers Reinforced . | . . . . . Active Scanning Responses . | . . . . . Cargo Convoy Interrupts . | . . . . . Stealth | -11 -10 -10 -10 -9 --------- Run | Yrd Mat Min Exi Min Distress Signals 3 | . 3 . . . Communications Jammed . | . . . . . Distress Signals . | . . . . . Times Spotted 24 | . 9 7 . 8 Peak Tracking Total 7 | . 4 3 . 7 Tactical Retreats 1 | . . . . 1 Traps | -11 -10 -10 -10 -9 ------- Run | Yrd Mat Min Exi Min Traps Triggered 1 | . 1 . . . Indirectly . | . . . . . Trap Hack Attempts . | . . . . . Triggered . | . . . . . Disarmed . | . . . . . Reprogrammed . | . . . . . Reused . | . . . . . Traps Extracted . | . . . . . Installed . | . . . . . Triggered . | . . . . . Machines | -11 -10 -10 -10 -9 ---------- Run | Yrd Mat Min Exi Min Machines Disabled 2 | . 1 1 . . Max in Single Turn 1 | . 1 1 . . Machines Repaired . | . . . . . Machines Dismantled . | . . . . . Machines Sabotaged . | . . . . . Overloaded Fab Kills . | . . . . . Hacking | -11 -10 -10 -10 -9 --------- Run | Yrd Mat Min Exi Min Machines Accessed . | . . . . . Terminals . | . . . . . Fabricators . | . . . . . Repair Stations . | . . . . . Recycling Units . | . . . . . Scanalyzers . | . . . . . Garrison Access . | . . . . . Total Hacks . | . . . . . Successful . | . . . . . Failed . | . . . . . Catastrophic . | . . . . . Database Lockouts . | . . . . . Manual . | . . . . . Terminals . | . . . . . Fabricators . | . . . . . Repair Stations . | . . . . . Recycling Units . | . . . . . Scanalyzers . | . . . . . Garrison Access . | . . . . . Terminal Hacks . | . . . . . Fabricator Hacks . | . . . . . Repair Station Hacks . | . . . . . Recycling Unit Hacks . | . . . . . Scanalyzer . | . . . . . Garrison Access Hacks . | . . . . . Unauthorized Hacks . | . . . . . Terminals . | . . . . . Fabricators . | . . . . . Repair Stations . | . . . . . Recycling Units . | . . . . . Scanalyzers . | . . . . . Garrison Access . | . . . . . Data Cores Recovered . | . . . . . Used . | . . . . . Hacking Detections . | . . . . . Full Trace Events . | . . . . . Feedback Events . | . . . . . Feedback Blocked . | . . . . . Robot Schematics Acquired . | . . . . . Robots Built . | . . . . . Authchips . | . . . . . Time . | . . . . . Total Robot Build Rating . | . . . . . Part Schematics Acquired . | . . . . . Parts Built . | . . . . . Authchips . | . . . . . Time . | . . . . . Total Part Build Rating . | . . . . . Part Studies Acquired . | . . . . . Parts Repaired . | . . . . . Time . | . . . . . Parts Recycled . | . . . . . Recycled Matter . | . . . . . Retrieved Matter . | . . . . . Retrieved Components . | . . . . . Parts Scanalyzed . | . . . . . Part Schematics Acquired . | . . . . . Parts Damaged . | . . . . . Bothacking | -11 -10 -10 -10 -9 ------------ Run | Yrd Mat Min Exi Min Used RIF Installer . | . . . . . Robots Hacked . | . . . . . Non-combat . | . . . . . Combat . | . . . . . Robot Hacks Applied . | . . . . . Relay Couplers Released . | . . . . . Fabnet Peak Effective % . | . . . . . Robots Rewired . | . . . . . Allies Hacked . | . . . . . Hacks Repelled . | . . . . . Allies | -11 -10 -10 -10 -9 -------- Run | Yrd Mat Min Exi Min Total Allies 3 | . . 3 . . Largest Group 3 | . . 3 3 3 Highest-Rated Group 40 | . . 40 40 40 Highest-Rated Ally 16 | . . 16 16 16 Total Orders . | . . . . . Ally Attacks 28 | . . 8 . 20 Total Damage 233 | . . 67 . 166 Kills 6 | . . 3 . 3 Allies Corrupted . | . . . . . Allies Melted . | . . . . . Intel | -11 -10 -10 -10 -9 ------- Run | Yrd Mat Min Exi Min Active Infowar (turns) . | . . . . . Robot Analysis Total . | . . . . . Derelict Logs Recovered 1 | . . 1 . . Drone Launches . | . . . . . Drone Recoveries . | . . . . . Exploration | -11 -10 -10 -10 -9 ------------- Run | Yrd Mat Min Exi Min Turns Passed 1899 | 65 338 970 439 87 Spaces Moved 1064 | 63 253 496 231 21 Core 19 | 19 . . . . Treads . | . . . . . Legs 628 | . . 376 231 21 Wheels 417 | 44 253 120 . . Hover . | . . . . . Flight . | . . . . . Fastest Speed 50 | 50 90 115 190 190 Average Speed 153 | 77 102 171 190 190 Slowest Speed 190 | 90 115 190 190 190 Overloaded Moves . | . . . . . Propulsion Burnouts . | . . . . . Robots Hopped . | . . . . . Potential Cave-ins . | . . . . . Cave-ins Triggered . | . . . . . Exploration Rate (%) 39 | 3 45 80 63 8 Regions Visited 4 Branch Regions 3 Pre-discovered Areas 2 | . . 2 . . Known Exits Taken . | . . . . . Unknown Exits Taken 4 | 1 1 1 1 . Scrap Searched 1 | . . 1 . . Spaces Dug . | . . . . . Terrain Destroyed 3 | . 3 . . . Melee . | . . . . . Projectile . | . . . . . AOE 3 | . 3 . . . Terrain Rammed . | . . . . . Walls Destroyed . | . . . . . Machines Disabled . | . . . . . Actions | -11 -10 -10 -10 -9 --------- Run | Yrd Mat Min Exi Min Total 1250 | 78 295 591 233 53 Wait 75 | . 5 48 . 22 Move 1060 | 62 252 495 230 21 Hop . | . . . . . Pick Up 33 | 12 10 10 1 . Fast Attach 5 | . 3 2 . . Attach 11 | 4 1 6 . . Detach . | . . . . . Swap 4 | . 1 3 . . Drop 15 | . 3 10 2 . Fire 47 | . 20 17 . 10 Melee . | . . . . . Ram . | . . . . . Kick . | . . . . . Crush . | . . . . . Escape Stasis . | . . . . . Rewire . | . . . . . Trap . | . . . . . Miscellaneous . | . . . . . Route ------- -11/Scrapyard -10/Materials -10/Mines (discovered 3 exits: [*Mat] / [*Exi] / [*Sub]) -10/Exiles -9/Mines History --------- Turn | Location | Event 15 | -11/Scrapyard | Discovered new exit (range 15) 66 | -11/Scrapyard | Entered Materials 265 | -10/Materials | Discovered new exit (range 13) 309 | -10/Materials | Build established: Mutant 404 | -10/Materials | Entered Mines 486 | -10/Mines | Found a hidden stash of uninstalled traps 490 | -10/Mines | Learned location of Storage (-7) 497 | -10/Mines | Learned location of Zion (-6) 558 | -10/Mines | Discovered new exit (range 12) 587 | -10/Mines | Core integrity fell below 50% 889 | -10/Mines | Core integrity fell below 20% 1117 | -10/Mines | Discovered new exit (range 6) 1133 | -10/Mines | Assisted by bots powering up and referring to "LRC-V3" 1365 | -10/Mines | Deemed a non-threat by the Exiles lab entrance 1365 | -10/Mines | Discovered new exit (range 5) 1374 | -10/Mines | Entered Exiles 1374 | -10/Exiles | Found Exiles lab abandoned 1374 | -10/Exiles | Accompanied by 3 allies 1796 | -10/Exiles | Discovered new exit (range 10) 1813 | -10/Exiles | Entered Mines 1813 | -9/Mines | Accompanied by 3 allies 1814 | -9/Mines | Assembled infested the area 1835 | -9/Mines | Met a Derelict bent on vengeance 1900 | -9/Mines | Destroyed by as-65951 with Assembled Rifle Last Messages --------------- crushing effect. 01837_ Trooper 1a destroyed. 01838_ T-07 Excavator system terminally corrupted. 01841_ as-21136 destroyed. 01855_ as-21266 destroyed. 01859_ as-02642 suffers critical hit (Burn). 01865_ Trooper 1b destroyed. 01867_ U-05 Engineer destroyed. 01871_ Mercenary 1a destroyed. 01873_ Acquired 2 matter. 01876_ as-93719 suffers critical hit (Destroy). 01878_ Acquired 2 matter. 01879_ as-02642 destroyed. 01879_ Switching to secondary target: as-65951. 01880_ Acquired 2 matter. 01884_ Heat Sink destroyed. 01884_ System corrupted by crushing effect (+1). 01886_ as-93719 destroyed. 01886_ Switching to secondary target: as-65951. Map ----- +----------------------------------------------------+ | ??????????????????????????????????????? | | ??????????????????????????????????????? | | ??????????????????????????????????????? | | ??????????????????????????????????????? | | ??????????????????????????????????????? | | ??????????????????????????????????????? | | ??????????????????????????????????????? | | ?????????????????????????????####?????? | | ????????????????????????????## ####??? | | ????????????????????????????# ##?? | | ????????????????????????????# #?? | | ?????????????????????????????# #?? | | ?????????????????????????????# #?? | | ????????????????????????????## #?? | | ?????????????????????????#### ##?? | | ????????????????????????## #??? | | ????????????????????????# #??? | | ???????????????????????## #??? | | ???????????????????????# #??? | | ???????????????????????# ##??? | | ???????????????????????# = ###???? | | ???????????????????????##**## ##?????? | | ????????????????????????#%######??????? | | ????????????????????????#%#???????????? | | ????????????????????????#%#???????????? | | ????????????????????????#@#???????????? | | ???????????????????????=%!#???????????? | | ?????????????????????< =%!#???????????? | | ????????????????????# a##???????????? | | ??????????????????? ###%?????????????? | | ??????????????????##??? %?????????????? | | ??????????????????????? ?????????????? | | ?????????????????????? [?????????????? | | ?????????????????????? ?????????????? | | ?????????????????????? ?????????????? | | ????????????????????? ##?????????????? | | ????????????????????? #???????????????? | | ?????????????????????#????????????????? | | ??????????????????????????????????????? | | ??????????????????????????????????????? | | ??????????????????????????????????????? | | ??????????????????????????????????????? | | ??????????????????????????????????????? | | ??????????????????????????????????????? | | ??????????????????????????????????????? | | ??????????????????????????????????????? | | ??????????????????????????????????????? | | ??????????????????????????????????????? | | ??????????????????????????????????????? | | ??????????????????????????????????????? | +----------------------------------------------------+ Best States ------------- Heat Dissipation 35 Energy Generation 12 Energy Capacity 265 Matter Stores 300 Matter Capacity 300 Sight Range 16 Terrain Scan Density 10 Evasion (%) 50 Item Schematics ----------------- None Robot Schematics ------------------ None Fabricated ------------ Nothing Repaired ---------- Nothing Studied --------- None Alien Tech Used ----------------- None Achievements -------------- None Challenges ------------ None Game ------ Seed NavigationTitaniumCore Manual? 0 Play Time 00:11:48 Cumulative 73.9 hours Start 2026.04.11 @ 15:11:02 End 2026.04.11 @ 21:34:43 Sessions 2 Manual Loads 0 Difficulty Rogue Special Mode None Game No. 138 Rogue 138 Adventurer 0 Explorer 0 Win Type - Total 0 Types 0/0/0/0/0/0/0/0/0/0 Lore% 14 Gallery% 36 Achievement% 20 Wizard Run 0 Options --------- Layout 1 ASCII 0 Keyboard 0 Movement Mouse Keybinds 0 Fullscreen 2 Font 32/SmallcapsGlow Map View 50x35 Zoom Use 0% Tactical HUD 1 Map Filters NONE Filters NONE Steam 1 RUN: f0ed20b7-9048-4988-a1a2-1ca7acd56097